 Dungeon Crawl Stone Soup version 0.18.1-47-g9310371 (console) character file.

39309 Kloppie the Spear-Bearer (level 14, -1/116 HPs)
             Began as a Human Gladiator on June 16, 2016.
             Was the Champion of Makhleb.
             Slain by a four-headed hydra (7 damage)
             ... while paralysed
             ... on level 7 of the Lair of Beasts on June 17, 2016.
             The game lasted 00:39:39 (18512 turns).

Kloppie the Spear-Bearer (Human Gladiator)         Turns: 18512, Time: 00:39:40

Health: -1/116     AC: 23    Str: 23    XL:     14   Next: 38%
Magic:  18/18      EV:  2    Int:  9    God:    Makhleb [******]
Gold:   1571       SH:  0    Dex: 29    Spells: 0 memorised, 13 levels left

rFire  + . .     SeeInvis .     a - +4 trident
rCold  + . .     Gourm    .     S - +5 scale mail of the Dolphin {rN+ Str+3 Dex+2}
rNeg   + . .     Faith    .     (no shield)
rPois  .         Spirit   .     c - +0 helmet
rElec  .         Dismiss  .     G - +1 cloak
rCorr  +         Reflect  .     x - +2 pair of gloves
SustAt .         Harm     .     Z - +0 pair of boots {rF+}
MR     +....                    d - amulet of regeneration
Stlth  +.........               B - ring "Yneomon" {rC+ Str+4 Dex+4 Stlth-}
                                y - ring of resist corrosion

@: paralysed, agile, lethally poisoned (-1 -> -17), exhausted, very slightly
contaminated, slowed, somewhat resistant to hostile enchantments, very
unstealthy
A: no striking features
a: Minor Destruction, Lesser Servant of Makhleb, Major Destruction, Greater
Servant of Makhleb, Renounce Religion


You were on level 7 of the Lair of Beasts.
You worshipped Makhleb.
Makhleb was exalted by your worship.
You were not hungry.

You visited 3 branches of the dungeon, and saw 18 of its levels.
You also visited: Volcano.

You collected 1571 gold pieces.

Inventory:

Hand Weapons
 a - a +4 trident (weapon)
 b - a +2 glaive of holy wrath
Missiles
 N - a throwing net (quivered)
Armour
 c - a +0 helmet (worn)
 x - a +2 pair of gloves (worn)
 G - a +1 cloak (worn)
 S - the +5 scale mail of the Dolphin (worn) {rN+ Str+3 Dex+2}
   (You found it on level 10 of the Dungeon)

   It affects your strength (+3).
   It affects your dexterity (+2).
   It protects you from negative energy.
 Z - a +0 pair of boots of fire resistance (worn)
Jewellery
 d - an amulet of regeneration (around neck)
 v - an uncursed ring of stealth
 y - a ring of resist corrosion (left hand)
 B - the ring "Yneomon" (right hand) {rC+ Str+4 Dex+4 Stlth-}
   (You found it on level 4 of the Dungeon)

   [ring of loudness]

   It affects your strength (+4).
   It affects your dexterity (+4).
   It protects you from cold.
   It makes you less stealthy.
 M - an uncursed amulet of dismissal
 U - an uncursed ring of sustain attributes
Wands
 h - a wand of teleportation (7/9)
 n - a wand of acid (4/15)
 s - a wand of digging (1/24)
 Q - a wand of iceblast (7/15)
Scrolls
 e - a scroll of recharging
 i - 6 scrolls of remove curse
 m - 2 scrolls of blinking
 r - 3 scrolls of identify
 u - a scroll of magic mapping
 w - 2 scrolls of noise
 C - 6 scrolls of teleportation
 D - 3 scrolls of enchant weapon
Potions
 g - a potion of ambrosia
 k - 6 potions of haste
 t - 2 potions of cancellation
 E - a potion of flight
 F - a potion of agility
 H - a potion of beneficial mutation {unknown}
 K - 2 potions of cure mutation
 L - 2 potions of mutation
 P - a potion of brilliance
 R - a potion of invisibility
 X - a potion of might {unknown}
 Y - a potion of resistance
Books
 V - a book of Misfortune

   Spells                             Type                      Level
   a - Confusing Touch                Hexes                        2
   b - Confuse                        Hexes                        3
   c - Gell's Gravitas                Hexes/Translocation          3
   d - Petrify                        Transmutation/Earth          4
   e - Metabolic Englaciation         Hexes/Ice                    5
   f - Yara's Violent Unravelling     Hexes/Transmutation          5
Comestibles
 f - 6 bread rations
 j - a royal jelly
 l - 2 slices of pizza
 p - 2 beef jerkies
 q - 9 meat rations
 A - 20 fruits


   Skills:
 + Level 12.5 Fighting
 - Level 14.5 Polearms
 - Level 2.0 Throwing
 + Level 12.2 Armour
 + Level 4.6 Dodging
 - Level 6.4 Invocations


You had 13 spell levels left.
You didn't know any spells.

Dungeon Overview and Level Annotations

Branches:
Dungeon (10/15)            Temple (1/1) D:4            Lair (7/8) D:10
  Swamp (0/4) Lair:6        Snake (0/4) Lair:6        Slime (0/6) Lair:7
    Orc (0/2) D:10

Altars:
Ashenzari
Cheibriados
Dithmenos
Elyvilon
Fedhas
Gozag
Kikubaaqudgha
Makhleb
Nemelex Xobeh
Okawaru
Pakellas
Qazlal
Ru
Sif Muna
Trog
Vehumet
Xom
Yredelemnul
Zin
The Shining One

Shops:
D:6 :


Message History

* * * LOW HITPOINT WARNING * * *
You feel sick.
You see here a hydra corpse.
You feel a strong urge to attack something.
* * * LOW HITPOINT WARNING * * *
You feel sick.
* * * LOW HITPOINT WARNING * * *
You feel very sick.
You feel your anger subside.
You are no longer berserk.
You pass out from exhaustion.
You feel yourself slow down.
* * * LOW HITPOINT WARNING * * *
You feel sick.
* * * LOW HITPOINT WARNING * * *
You feel very sick. The four-headed hydra bites you.
* * * LOW HITPOINT WARNING * * *
The four-headed hydra bites you but does no damage.
The four-headed hydra bites you!
You die...

##### *## ******* #.#.#
##############.## ***,*,**,
##%.###.##.##.##.#....###,,,,,,,,
.........................,,,,,,,,
...†.....................,,,,,,,,
.............†..@D.......,,,,,,,,
........../..............,,,,,,,,
.........................,,,,,,,,
...........#≈.#.....#..##*≈≈,*,,*
..#..≈≈...≈..≈.≈#.≈.≈.≈.≈.≈,,,,,≈
.≈.≈......≈≈≈.≈....≈≈≈.≈≈.≈.≈,,≈,
..≈..≈.≈#≈≈≈≈≈#≈.≈≈≈≈≈≈.≈≈≈.,,,≈*
.....≈.≈≈≈≈.≈≈≈≈≈≈≈≈≈.≈≈≈.≈≈≈≈,≈,
..≈≈##≈≈≈≈≈≈.≈≈≈≈≈≈≈≈≈≈≈..≈≈≈≈≈≈≈


You could see a four-headed hydra.

Vanquished Creatures
  7 hydras
  A catoblepas (Lair:6)
  Sonja (Lair:4)
  2 lindwurms
  A hill giant (D:10)
  Maurice (D:8)
  5 black mambas
  2 gargoyles (Volcano)
  6 spiny frogs
  An efreet (Volcano)
  3 komodo dragons
  4 rime drakes
  2 trolls (D:10)
  The ghost of DrPhoenix the Slasher, an amateur MiGl (Lair:2)
  Grinder (D:4)
  A polar bear (Lair:5)
  A giant leech (Lair:6)
  16 blink frogs
  34 yaks
  5 wyverns (Lair:6)
  3 fire bats (Lair:7)
  A steam dragon (Lair:6)
  A fire elemental (Volcano)
  6 basilisks
  2 vampire mosquitoes (Lair:7)
  3 mottled dragons (Lair:6)
  11 hippogriffs
  A hell hound (Lair:6)
  A swamp worm (Lair:7)
  14 water moccasins
  15 porcupines
  4 orc warriors
  2 phantoms
  A swamp drake (Lair:7)
  An ice beast (D:9)
  5 sky beasts
  2 black bears
  2 necrophages
  The ghost of Kloppie the Poker, an amateur DgGl (D:4)
  9 centaurs
  3 ogres
  3 wolves (Lair:2)
  11 crocodiles
  8 big kobolds
  17 giant frogs
  A gnoll sergeant (D:10)
  4 scorpions
  A water moccasin skeleton (D:6)
  4 killer bees (D:9)
  3 wights (D:7)
  A howler monkey (D:5)
  4 crimson imps
  A wasp zombie (D:10)
  14 jellies
  6 orc priests
  4 hounds
  9 orc wizards
  2 centaur skeletons
  A giant frog skeleton (D:4)
  10 iguanas
  3 worker ants
  21 sheep
  A hound zombie (D:10)
  A hound skeleton (D:5)
  9 gnolls
  A howler monkey skeleton (D:7)
  119 river rats
  12 adders
  2 shadow imps
  2 oozes
  An adder zombie (D:9)
  2 adder skeletons (D:5)
  3 worms
  3 dart slugs
  6 giant geckos
  27 orcs
  4 giant cockroaches
  8 hobgoblins
  21 jackals
  11 kobolds
  6 quokkas
  A ball python skeleton (D:4)
  4 bats
  A giant gecko skeleton (D:4)
  7 giant newts
  11 goblins
  2 jackal skeletons
  4 rats
580 creatures vanquished.

Vanquished Creatures (others)
  6 fungi
  7 plants
13 creatures vanquished.

Grand Total: 593 creatures vanquished

Notes
Turn   | Place    | Note
--------------------------------------------------------------
     0 | D:1      | Kloppie the Human Gladiator began the quest for the Orb.
     0 | D:1      | Reached XP level 1. HP: 16/16 MP: 1/1
    65 | D:1      | Reached XP level 2. HP: 19/22 MP: 2/2
   348 | D:1      | Reached skill level 1 in Armour
   362 | D:1      | Reached XP level 3. HP: 28/28 MP: 3/3
   839 | D:2      | Reached XP level 4. HP: 16/34 MP: 4/4
  1365 | D:2      | Found an oddly glowing altar of Pakellas.
  1709 | D:3      | Reached skill level 4 in Polearms
  1709 | D:3      | Reached XP level 5. HP: 20/40 MP: 5/5
  1934 | D:3      | Found a shattered altar of Ashenzari.
  2236 | D:3      | Found a basalt altar of Yredelemnul.
  2594 | D:4      | Found an opulent altar of Gozag.
  2670 | D:4      | Reached XP level 6. HP: 36/47 MP: 6/6
  2744 | D:4      | Noticed Kloppie's ghost (amateur DgGl)
  2759 | D:5      | Entered Level 5 of the Dungeon
  3038 | D:5      | Noticed a sky beast
  3057 | D:5      | Killed a sky beast
  3057 | D:5      | Reached skill level 5 in Polearms
  3348 | D:5      | Reached XP level 7. HP: 43/53 MP: 7/7
  3643 | D:5      | Found a glowing golden altar of the Shining One.
  3643 | D:5      | Found a sacrificial altar of Ru.
  3896 | D:5      | Reached skill level 6 in Polearms
  4025 | D:5      | Found a deep blue altar of Sif Muna.
  4193 | D:5      | Reached XP level 8. HP: 44/61 MP: 8/8
  4934 | D:6      | Reached skill level 5 in Fighting
  4934 | D:6      | Reached skill level 7 in Polearms
  5273 | D:6      | Found Sieneine's Book Boutique.
  5645 | D:6      | Found a shadowy altar of Dithmenos.
  5881 | D:7      | Reached skill level 5 in Armour
  6114 | D:7      | Reached XP level 9. HP: 56/68 MP: 9/9
  6265 | D:7      | Reached skill level 8 in Polearms
  7144 | D:6      | Reached skill level 9 in Polearms
  7206 | D:4      | Found a sparkling altar of Nemelex Xobeh.
  7242 | D:4      | Killed Kloppie's ghost
  7436 | D:4      | Found a staircase to the Ecumenical Temple.
  7445 | Temple   | Entered the Ecumenical Temple
  7826 | D:4      | Found a blossoming altar of Fedhas.
  7849 | D:4      | Found a shimmering altar of Xom.
  7891 | D:4      | Noticed Grinder
  7917 | D:4      | Killed Grinder
  8291 | D:4      | Got a brightly glowing bronze ring
  8421 | D:4      | Identified the ring "Yneomon" {rC+ Str+4 Dex+4 Stlth-} (You found it on level 4 of the Dungeon)
  8562 | D:8      | Reached XP level 10. HP: 69/77 MP: 10/10
  8800 | D:8      | Got a spiked ring mail
  8811 | D:8      | Identified the +5 ring mail of Gozag's Supremacy {Regen+ Int+3} (You found it on level 8 of the Dungeon)
  8833 | D:8      | Noticed Maurice
  8851 | D:8      | Killed Maurice
  8851 | D:8      | Reached skill level 10 in Polearms
  8927 | D:8      | Found a burning altar of Makhleb.
  8928 | D:8      | Found a radiant altar of Vehumet.
  8934 | D:8      | Became a worshipper of Makhleb the Destroyer
  9333 | D:9      | Reached * piety under Makhleb
  9333 | D:9      | Reached skill level 11 in Polearms
  9570 | D:9      | Found a snail-covered altar of Cheibriados.
  9720 | D:9      | Reached XP level 11. HP: 60/86 MP: 11/11
  9899 | D:9      | Reached ** piety under Makhleb
 10377 | D:10     | Entered Level 10 of the Dungeon
 10422 | D:10     | Found a staircase to the Orcish Mines.
 10641 | D:10     | Reached *** piety under Makhleb
 10651 | D:10     | Reached skill level 12 in Polearms
 10737 | D:10     | Found a staircase to the Lair.
 10883 | D:10     | Noticed a hill giant
 10904 | D:10     | Killed a hill giant
 10974 | D:10     | Found a radiant altar of Vehumet.
 10978 | D:10     | Got a bronze scale mail
 10989 | D:10     | Identified the +5 scale mail of the Dolphin {rN+ Str+3 Dex+2} (You found it on level 10 of the Dungeon)
 11311 | Lair:1   | Entered Level 1 of the Lair of Beasts
 11356 | Lair:1   | Reached **** piety under Makhleb
 11823 | Lair:1   | Reached XP level 12. HP: 95/95 MP: 12/12
 11830 | Lair:1   | Reached ***** piety under Makhleb
 12072 | Lair:1   | Reached skill level 13 in Polearms
 12163 | Lair:1   | Noticed a four-headed hydra
 12173 | Lair:1   | Killed a four-headed hydra
 12800 | Lair:2   | Reached skill level 10 in Fighting
 12937 | Lair:2   | Noticed a seven-headed hydra
 12950 | Lair:2   | Killed a seven-headed hydra
 13056 | Lair:2   | Noticed DrPhoenix's ghost (amateur MiGl)
 13075 | Lair:2   | Killed DrPhoenix's ghost
 13075 | Lair:2   | Reached skill level 10 in Armour
 13168 | Lair:2   | Reached skill level 14 in Polearms
 13761 | Lair:3   | Reached XP level 13. HP: 104/104 MP: 13/13
 13815 | Lair:3   | Reached ****** piety under Makhleb
 14458 | Lair:4   | Noticed Sonja
 14466 | Lair:4   | Killed Sonja
 15077 | Lair:5   | Reached skill level 1 in Invocations
 15360 | Lair:5   | Noticed a four-headed hydra
 15377 | Lair:5   | Killed a four-headed hydra
 16354 | Lair:6   | Noticed a catoblepas
 16359 | Lair:6   | Noticed a five-headed hydra
 16435 | Lair:6   | Found a staircase to the Snake Pit.
 16605 | Lair:6   | Killed a catoblepas
 16605 | Lair:6   | Reached skill level 5 in Invocations
 16768 | Lair:6   | Found a staircase to the Swamp.
 16945 | Lair:6   | Killed a five-headed hydra
 16945 | Lair:6   | Reached XP level 14. HP: 83/114 MP: 18/18
 17802 | Lair:7   | Found a dark tunnel.
 17811 | Volcano  | Entered a volcano
 18142 | Lair:7   | Found a staircase to the Slime Pits.
 18430 | Lair:7   | Identified a scroll of acquirement
 18500 | Lair:7   | HP: 2/116 [four-headed hydra (5)]
 18512 | Lair:7   | Slain by a four-headed hydra

Skill      XL: |  1  2  3  4  5  6  7  8  9 10 11 12 13 14 |
---------------+-------------------------------------------+-----
Armour         | 1 2 3 4 5 6 7 9 10 11 12 | 12.2
Polearms       | 4 5 6 7 9 11 12 14 | 14.5
Fighting       | 3 4 5 6 8 9 10 11 12 | 12.5
Invocations    | 5 6 |  6.4
Dodging        | 4 |  4.6
Throwing       | |  2.0

Action                   |  1- 3 |  4- 6 |  7- 9 | 10-12 | 13-15 || total
-------------------------+-------+-------+-------+-------+-------++-------
Melee: Trident           |    95 |   233 |   446 |  1143 |   953 ||  2870
       Spear             |       |       |       |    69 |       ||    69
Throw: Throwing net      |     3 |     2 |     2 |       |       ||     7
Evoke: Wand              |       |       |       |     4 |     2 ||     6
  Use: Scroll            |       |    11 |    10 |     9 |     9 ||    39
       Potion            |       |     1 |     3 |     2 |    10 ||    16
 Stab: Sleeping          |     1 |     5 |     1 |       |       ||     7
       Held in net/web   |       |     2 |     2 |       |       ||     4
       Distracted        |       |       |     2 |     1 |       ||     3
  Eat: Chunk             |       |     7 |     6 |    12 |    15 ||    40
       Meat ration       |       |       |     3 |     2 |       ||     5
Armor: Leather armour    |    26 |    46 |    54 |       |       ||   126
       Ring mail         |       |       |    49 |   172 |       ||   221
       Scale mail        |       |       |       |   171 |   332 ||   503
Dodge: Dodged            |    46 |   122 |   257 |   449 |   420 ||  1294
